Map: Frost LE

Players

MeTabee - Winner!

  • Race: Zerg Zerg
  • League: Master

Miszu

  • Race: Zerg Zerg
  • League: Master

VOD

Have the link to the VOD?

Description

Time

  • Played on: July 1, 2016, 5:41 p.m.
  • Length: 7:35
Show
View Real Time Build Order
Export as new Build Order

MeTabee Zerg - Winner!

Build Orders: Hatch First 

Get SALT Encoding   

  12  0:01  Drone  
  13  0:08  Drone  
  14  0:18  Overlord  
  14  0:26  Extractor  
  14  0:27  Drone  
  14  0:29  Extractor, Drone  
  16  0:36  Drone  
  17  0:54  Hatchery  
  17  0:56  Drone  
  17  0:58  Drone  
  18  1:11  Extractor  
  17  1:13  Spawning Pool  
  17  1:17  Drone  
  17  1:20  Drone  
  18  1:27  Drone  
  19  1:37  Overlord  
  19  1:49  Drone  
  20  2:00  Queen, Drone  
  23  2:05  Queen  
  23  2:06  Drone  
  26  2:09  Drone  
  27  2:17  Zergling x2  
  27  2:20  Spine Crawler  
  27  2:23  Metabolic Boost  
  27  2:24  Drone  
  27  2:29  Drone  
  29  2:31  Drone  
  30  2:38  Queen  
  30  2:40  Drone  
  33  2:45  Drone  
  33  2:49  Drone  
  35  2:52  Drone  
  35  2:56  Lair  
  36  3:01  Extractor  
  36  3:02  Overlord  
  36  3:05  Drone  
  36  3:16  Extractor  
  36  3:18  Extractor  
  34  3:20  Drone  
  34  3:21  Drone x2  
  34  3:23  Drone  
  34  3:24  Drone x3  
  40  3:32  Zergling x2  
  41  3:37  Evolution Chamber  
  41  3:38  Evolution Chamber  
  39  3:42  Drone  
  39  3:43  Roach Warren  
  39  3:57  Spire  
  39  3:58  Drone x2  
  39  3:59  Drone  
  40  4:19  Drone  
  40  4:20  Drone x3  
  44  4:34  Overlord x3  
  44  4:49  Glial Reconstitution  
  44  4:58  Roach  
  44  4:59  Roach x4  
  55  5:00  Roach  
  51  5:10  Mutalisk x4  
  59  5:32  Mutalisk x3  
  65  5:40  Zerg Flyer Weapons Level 1  
  65  5:45  Mutalisk  
  67  6:03  Overlord x2  
  67  6:04  Overlord  
  67  6:21  Hatchery  
  66  6:26  Mutalisk x3  
  72  6:34  Roach x2  
  72  6:35  Roach x4  
  72  6:38  Roach  
  86  6:59  Roach x3  
  92  7:03  Overlord x3  
Show
View Real Time Build Order
Export as new Build Order

Miszu Zerg 

Build Orders: Hatch First, Zergling Baneling 

Get SALT Encoding   

  12  0:02  Drone  
  13  0:13  Overlord  
  13  0:17  Drone  
  14  0:31  Drone x2  
  16  0:37  Drone  
  17  0:45  Drone  
  18  0:58  Hatchery  
  18  1:01  Drone  
  18  1:05  Extractor  
  17  1:15  Spawning Pool  
  17  1:18  Drone  
  17  1:21  Drone  
  18  1:32  Drone  
  19  1:44  Overlord  
  19  1:54  Drone  
  20  2:03  Queen  
  20  2:05  Metabolic Boost  
  22  2:10  Queen  
  22  2:13  Zergling x4  
  22  2:14  Zergling x2  
  27  2:24  Drone x2  
  29  2:32  Drone  
  29  2:36  Drone  
  31  2:43  Drone  
  32  2:44  Overlord  
  32  2:54  Baneling Nest  
  32  2:55  Drone x2  
  33  3:05  Drone x2  
  34  3:18  Overlord  
  34  3:19  Hatchery  
  33  3:25  Zergling x10  
  38  3:33  Zergling x4  
  40  3:38  Zergling x2  
  41  3:45  Zergling x4  
  43  3:48  Baneling  
  43  3:49  Baneling x3  
  43  3:51  Zergling x6  
  43  3:53  Zergling x2  
  47  3:56  Zergling x2  
  47  3:58  Baneling  
  47  3:59  Baneling x3  
  47  4:00  Baneling  
  47  4:01  Baneling  
  48  4:07  Zergling x8  
  52  4:15  Zergling x2  
  52  4:20  Overlord  
  51  4:29  Zergling x10  
  51  4:31  Zergling x2  
  50  4:35  Drone  
  51  4:43  Drone x2  
  51  4:44  Drone x3  
  54  4:49  Drone  
  51  5:07  Drone x5  
  51  5:13  Drone x3, Evolution Chamber x2  
  57  5:15  Roach Warren  
  57  5:17  Drone x3  
  59  5:23  Queen  
  59  5:27  Drone x3  
  64  5:34  Overlord, Extractor  
  63  5:36  Extractor, Lair  
  62  5:43  Overlord  
  62  5:50  Overlord  
  62  5:59  Roach x2  
  62  6:00  Roach x3  
  62  6:04  Roach  
  74  6:08  Roach  
  76  6:12  Spore Crawler  
  76  6:15  Spore Crawler  
  76  6:16  Spore Crawler  
  76  6:17  Queen  
  76  6:18  Queen  
  76  6:26  Drone x6  
  80  6:33  Spore Crawler  
  76  6:40  Spore Crawler  
  76  6:44  Spore Crawler  
  76  6:45  Spore Crawler  
  76  6:46  Spore Crawler  
  62  6:55  Queen x3  
  68  7:04  Spore Crawler  
  66  7:18  Drone  
  66  7:20  Drone x6  
  66  7:21  Hydralisk Den, Drone  
Tags
 
Add a new tag
Caveats
  • Supply blocks, unpowered buildings, or Contaminate may cause inaccurate times.
  • Supply counts are checked every 10 seconds.